MLB
KANSAS CITY ROYALS @ BOSTON RED SOX
04/13/2099
 
TOP OF THE 1ST
Kansas City Royals batting - Pitching for Boston Red Sox : RHP Francisco Quintanilla
Pitching: RHP Francisco Quintanilla
Batting: LHB Danny Bonilla 0-0: Called Strike
0-1: Fly out, F8 (Flyball, 8LS, EV 92.5 MPH)
Batting: RHB Kevin Stark 0-0: Ball
1-0: Ball
2-0: Foul Ball, location: 3SF
2-1: Foul Ball, location: 2F
2-2: Strikes out swinging
Batting: LHB Jorge Castillo 0-0: Called Strike
0-1: Ball
1-1: Swinging Strike
1-2: Ball
2-2: Ground out U3 (Groundball, 3, EV 91.3 MPH)
Top of the 1st over - 0 runs, 0 hits, 0 errors, 0 left on base; Kansas City 0 - Boston 0
BOTTOM OF THE 1ST
Boston Red Sox batting - Pitching for Kansas City Royals : RHP Rick Whitley
Pitching: RHP Rick Whitley
Batting: LHB Chris Kautz 0-0: Called Strike
0-1: Ball
1-1: Foul Ball, location: 25FF
1-2: Ground out 1-3 (Groundball, 25, EV 66.3 MPH)
Batting: LHB Michael Lindstrom 0-0: Foul Ball, location: 2F
0-1: Foul Ball, location: 3FF
0-2: Foul Ball, location: 2F
0-2: Ground out 4-3 (Groundball, 4, EV 80.6 MPH)
Batting: SHB Alex Salazar 0-0: Called Strike
0-1: Ball
1-1: Foul Ball, location: 7LMF
1-2: Foul Ball, location: 3F
1-2: Foul Ball, location: 2F
1-2: Strikes out swinging
Bottom of the 1st over - 0 runs, 0 hits, 0 errors, 0 left on base; Kansas City 0 - Boston 0
TOP OF THE 2ND
Kansas City Royals batting - Pitching for Boston Red Sox : RHP Francisco Quintanilla
Batting: RHB Blake Linden 0-0: Called Strike
0-1: Ball
1-1: Ball
2-1: Swinging Strike
2-2: Strikes out swinging
Batting: LHB Mike Andreas 0-0: Swinging Strike
0-1: Ball
1-1: Foul Ball, location: 5F
1-2: Ball
2-2: Strikes out looking
Batting: RHB Jordan Baeza 0-0: Called Strike
0-1: Ball
1-1: Called Strike
1-2: Fly out, F7 (Flyball, 7LM, EV 96.9 MPH)
Top of the 2nd over - 0 runs, 0 hits, 0 errors, 0 left on base; Kansas City 0 - Boston 0
BOTTOM OF THE 2ND
Boston Red Sox batting - Pitching for Kansas City Royals : RHP Rick Whitley
Batting: RHB Joe Fowler 0-0: Fly out, F8 (Flyball, 78D, EV 103.8 MPH)
Batting: SHB Tyler Den Hartog 0-0: Called Strike
0-1: Foul Ball, location: 9LSF
0-2: Foul Ball, location: 2F
0-2: SINGLE (Groundball, 3D, EV 97.5 MPH)
Batting: LHB Sergio Mejia 0-0: Ball
1-0: Ball
2-0: Ball
3-0: Called Strike
3-1: Base on Balls
Tyler Den Hartog to second
Batting: RHB Ed Pollock 0-0: Called Strike
0-1: Foul Ball, location: 2F
0-2: Fielders Choice at 2nd, 5-4 (Groundball, 56, EV 81.3 MPH)
Tyler Den Hartog to third
Batting: RHB Chris Rodriguez 0-0: Ball
1-0: Called Strike
1-1: Ball
2-1: DOUBLE (Flyball, 89D, EV 110.0 MPH)
Tyler Den Hartog scores
Ed Pollock to third
Runner from 3rd tries for Home, SAFE, no throw by CF
Batting: RHB Nate Campbell 0-0: Called Strike
0-1: Swinging Strike
0-2: Ball
1-2: Ball
2-2: Ground out U3 (Groundball, 34S, EV 68.8 MPH)
Bottom of the 2nd over - 2 runs, 2 hits, 0 errors, 1 left on base; Kansas City 0 - Boston 2
TOP OF THE 3RD
Kansas City Royals batting - Pitching for Boston Red Sox : RHP Francisco Quintanilla
Batting: LHB Tony Monterosa 0-0: Fly out, F6 (Popup, 56, EV 72.5 MPH)
Batting: RHB Jacob Huckaby 0-0: Ball
1-0: Ball
2-0: Ball
3-0: Called Strike
3-1: Foul Ball, location: 7LSF
3-2: Ground out 6-3 (Groundball, 6, EV 99.4 MPH)
Batting: LHB Bill Goss 0-0: Called Strike
0-1: Called Strike
0-2: SINGLE (Line Drive, 7LS, EV 110.0 MPH)
Batting: LHB Danny Bonilla 0-0: Called Strike
0-1: Ball
1-1: Swinging Strike
1-2: Strikes out swinging
Top of the 3rd over - 0 runs, 1 hit, 0 errors, 1 left on base; Kansas City 0 - Boston 2
BOTTOM OF THE 3RD
Boston Red Sox batting - Pitching for Kansas City Royals : RHP Rick Whitley
Pitching: LHP Sean Robbins
Batting: LHB Chris Kautz 0-0: Fly out, F8 (Flyball, 8RD, EV 90.6 MPH)
Batting: LHB Michael Lindstrom 0-0: Called Strike
0-1: Called Strike
0-2: Foul Ball, location: 7LSF
0-2: Strikes out swinging
Batting: SHB Alex Salazar 0-0: Ground out 4-3 (Groundball, 4MS, EV 78.8 MPH)
Bottom of the 3rd over - 0 runs, 0 hits, 0 errors, 0 left on base; Kansas City 0 - Boston 2
TOP OF THE 4TH
Kansas City Royals batting - Pitching for Boston Red Sox : RHP Francisco Quintanilla
Batting: RHB Kevin Stark 0-0: Foul Ball, location: 25F
0-1: Called Strike
0-2: Ball
1-2: Foul Ball, location: 2F
1-2: Ball
2-2: Foul Ball, location: 2F
2-2: Foul Ball, location: 2F
2-2: Foul Ball, location: 23F
2-2: Ball
3-2: Fly out, F8 (Flyball, 8RD, EV 110.0 MPH)
Batting: LHB Jorge Castillo 0-0: Ball
1-0: Called Strike
1-1: SINGLE (Groundball, 34D, EV 98.1 MPH)
Batting: RHB Blake Linden 0-0: Swinging Strike
0-1: Grounds into double play, 6-4-3 (Groundball, 6, EV 85.0 MPH)
Top of the 4th over - 0 runs, 1 hit, 0 errors, 0 left on base; Kansas City 0 - Boston 2
BOTTOM OF THE 4TH
Boston Red Sox batting - Pitching for Kansas City Royals : LHP Sean Robbins
Batting: RHB Joe Fowler 0-0: Called Strike
0-1: Swinging Strike
0-2: Foul Ball, location: 2F
0-2: Ball
1-2: Fly out, F7 (Flyball, 78XD, EV 110.0 MPH)
Batting: SHB Tyler Den Hartog 0-0: Called Strike
0-1: Ball
1-1: Ball
2-1: Ball
3-1: Called Strike
3-2: Strikes out swinging
Batting: LHB Sergio Mejia 0-0: Ball
1-0: Foul Ball, location: 9LSF
1-1: SINGLE (Line Drive, 9S, EV 83.8 MPH)
Batting: RHB Ed Pollock 0-0: Called Strike
0-1: Called Strike
0-2: Ball
1-2: Foul Ball, location: 9LSF
1-2: Ball
2-2: Ball
3-2: Foul Ball, location: 2F
3-2: Base on Balls
Sergio Mejia to second
Batting: RHB Chris Rodriguez 0-0: Ball
1-0: Called Strike
1-1: Foul Ball, location: 2F
1-2: Ball
2-2: Foul Ball, location: 2F
2-2: Strikes out swinging
Bottom of the 4th over - 0 runs, 1 hit, 0 errors, 2 left on base; Kansas City 0 - Boston 2
TOP OF THE 5TH
Kansas City Royals batting - Pitching for Boston Red Sox : RHP Francisco Quintanilla
Batting: LHB Mike Andreas 0-0: Ball
1-0: Ball
2-0: Fly out, F9 (Line Drive, 89M, EV 99.4 MPH)
Batting: RHB Jordan Baeza 0-0: Foul Ball, location: 7LMFF
0-1: Swinging Strike
0-2: Ball
1-2: Strikes out swinging
Batting: LHB Tony Monterosa 0-0: Foul Ball, location: 2F
0-1: Ball
1-1: Foul Ball, location: 23F
1-2: SINGLE (Line Drive, 89S, EV 107.5 MPH)
Batting: RHB Jacob Huckaby 0-0: Ball
1-0: Called Strike
1-1: Ball
2-1: Ball
3-1: Foul Ball, location: 2F
3-2: Base on Balls
Tony Monterosa to second
Batting: LHB Bill Goss 0-0: Called Strike
0-1: Swinging Strike
0-2: Foul Ball, location: 2F
0-2: Ball
1-2: Foul Ball, location: 23F
1-2: SINGLE (Groundball, 6D, EV 105.6 MPH)
Tony Monterosa to third
Jacob Huckaby to second
Runner from 3rd tries for Home, SAFE, throw by CF to home
Batting: LHB Danny Bonilla 0-0: Swinging Strike
0-1: Ball
1-1: Ball
2-1: Fly out, F8 (Flyball, 8RM, EV 96.9 MPH)
Top of the 5th over - 1 run, 2 hits, 0 errors, 2 left on base; Kansas City 1 - Boston 2
BOTTOM OF THE 5TH
Boston Red Sox batting - Pitching for Kansas City Royals : LHP Sean Robbins
Batting: RHB Nate Campbell 0-0: Ball
1-0: Fly out, F7 (Line Drive, 7, EV 91.3 MPH)
Batting: LHB Chris Kautz 0-0: Foul Ball, location: 7LSF
0-1: Swinging Strike
0-2: Ball
1-2: Strikes out swinging
Batting: LHB Michael Lindstrom 0-0: Ball
1-0: Ball
2-0: Called Strike
2-1: Foul Ball, location: 2F
2-2: Hit by Pitch
Pitching: RHP Aubrey Pettey
Batting: SHB Alex Salazar 0-0: Called Strike
0-1: 2-RUN HOME RUN (Flyball, 78XD, EV 110.0 MPH), Distance : 430 ft
Batting: RHB Joe Fowler 0-0: Called Strike
0-1: Called Strike
0-2: Ball
1-2: Ball
2-2: Strikes out swinging
Bottom of the 5th over - 2 runs, 1 hit, 0 errors, 0 left on base; Kansas City 1 - Boston 4
TOP OF THE 6TH
Kansas City Royals batting - Pitching for Boston Red Sox : RHP Francisco Quintanilla
Batting: RHB Kevin Stark 0-0: Called Strike
0-1: Called Strike
0-2: Ball
1-2: Fly out, F4 (Popup, 13, EV 85.0 MPH)
Batting: LHB Jorge Castillo 0-0: Fly out, F7 (Flyball, 7, EV 80.6 MPH)
Batting: RHB Blake Linden 0-0: Swinging Strike
0-1: Swinging Strike
0-2: Ball
1-2: Ground out 6-3 (Groundball, 6M, EV 85.0 MPH)
Top of the 6th over - 0 runs, 0 hits, 0 errors, 0 left on base; Kansas City 1 - Boston 4
BOTTOM OF THE 6TH
Boston Red Sox batting - Pitching for Kansas City Royals : RHP Aubrey Pettey
Batting: SHB Tyler Den Hartog 0-0: SINGLE (Groundball, 4MD, EV 94.4 MPH)
Batting: LHB Sergio Mejia 0-0: Swinging Strike
0-1: SINGLE (Groundball, 6MD, EV 98.1 MPH)
Tyler Den Hartog to second
Batting: RHB Ed Pollock 0-0: Ball
1-0: Called Strike
1-1: Called Strike
1-2: Ball
2-2: Ground out 5-3 (Groundball, 56S, EV 64.4 MPH)
Tyler Den Hartog to third
Sergio Mejia to second
Batting: RHB Chris Rodriguez 0-0: Ball
1-0: Ball
2-0: Foul Ball, location: 9LMF
2-1: Foul Ball, location: 9LSF
2-2: Strikes out swinging
Batting: RHB Nate Campbell 0-0: Ball
1-0: Called Strike
1-1: Called Strike
1-2: Ball
2-2: Strikes out looking
Bottom of the 6th over - 0 runs, 2 hits, 0 errors, 2 left on base; Kansas City 1 - Boston 4
TOP OF THE 7TH
Kansas City Royals batting - Pitching for Boston Red Sox : RHP Francisco Quintanilla
Pitching: RHP Danny Urista
Now at C: Tom Dudley
Now at 3B: Pieter Janssen
Batting: LHB Mike Andreas 0-0: Swinging Strike
0-1: Fly out, F6 (Popup, 6D, EV 49.4 MPH)
Batting: RHB Jordan Baeza 0-0: Called Strike
0-1: Ball
1-1: Ball
2-1: Called Strike
2-2: Foul Ball, location: 7LSF
2-2: Strikes out swinging
Batting: LHB Tony Monterosa 0-0: Ball
1-0: Foul Ball, location: 2F
1-1: Ball
2-1: Fly out, F8 (Flyball, 8LXD, EV 85.0 MPH)
Top of the 7th over - 0 runs, 0 hits, 0 errors, 0 left on base; Kansas City 1 - Boston 4
BOTTOM OF THE 7TH
Boston Red Sox batting - Pitching for Kansas City Royals : RHP Aubrey Pettey
Batting: LHB Chris Kautz 0-0: Ball
1-0: Ball
2-0: Ball
3-0: Called Strike
3-1: Foul Ball, location: 2F
3-2: Foul Ball, location: 9LSF
3-2: Strikes out swinging
Batting: LHB Michael Lindstrom 0-0: SINGLE (Line Drive, 8RS, EV 107.5 MPH)
Pitching: RHP Pat Teague
Batting: SHB Alex Salazar 0-0: Swinging Strike
0-1: Foul Ball, location: 7LDF
0-2: Hit by Pitch
Michael Lindstrom to second
Batting: RHB Joe Fowler 0-0: Ball
1-0: Foul Ball, location: 25FF
1-1: Swinging Strike
1-2: Foul Ball, location: 9LSF
1-2: Strikes out looking
Batting: RHB Pieter Janssen 0-0: Fly out, F7 (Flyball, 7, EV 95.6 MPH)
Bottom of the 7th over - 0 runs, 1 hit, 0 errors, 2 left on base; Kansas City 1 - Boston 4
TOP OF THE 8TH
Kansas City Royals batting - Pitching for Boston Red Sox : RHP Danny Urista
Now in LF: Chris Kautz
Now in RF: Marquise Woods
Batting: RHB Jacob Huckaby 0-0: Ball
1-0: DOUBLE (Line Drive, 9LS, EV 105.0 MPH)
Batting: LHB Bill Goss 0-0: Fly out, F9 (Flyball, 9, EV 77.5 MPH)
Batting: LHB Danny Bonilla 0-0: Ball
1-0: Foul Ball, location: 7LDF
1-1: Ground out U3 (Groundball, 13, EV 79.4 MPH)
Jacob Huckaby to third
Pitching: LHP William Stuck
Batting: RHB Kevin Stark 0-0: Called Strike
0-1: Foul Ball, location: 3DF
0-2: Ball
1-2: Ball
2-2: Foul Ball, location: 2F
2-2: Ground out U3 (Groundball, 34S, EV 85.0 MPH)
Top of the 8th over - 0 runs, 1 hit, 0 errors, 1 left on base; Kansas City 1 - Boston 4
BOTTOM OF THE 8TH
Boston Red Sox batting - Pitching for Kansas City Royals : RHP Pat Teague
Batting: RHB Tom Dudley 0-0: Ball
1-0: Ball
2-0: Called Strike
2-1: Reached on error, E4 (Groundball, 4S, EV 62.5 MPH)
Batting: RHB Ed Pollock 0-0: Called Strike
0-1: Ball
1-1: Ground out U3 (Groundball, 34S, EV 66.3 MPH)
Tom Dudley to second
Batting: RHB Chris Rodriguez 0-0: Ball
1-0: Swinging Strike
1-1: Ball
2-1: Ground out 3-1 (Groundball, 34, EV 86.3 MPH)
Tom Dudley to third
Batting: RHB Nate Campbell 0-0: Ball
1-0: Swinging Strike
1-1: Foul Ball, location: 9LDF
1-2: Foul Ball, location: 2F
1-2: Fly out, F7 (Flyball, 7, EV 88.8 MPH)
Bottom of the 8th over - 0 runs, 0 hits, 1 error, 1 left on base; Kansas City 1 - Boston 4
TOP OF THE 9TH
Kansas City Royals batting - Pitching for Boston Red Sox : LHP William Stuck
Pitching: RHP Eric Rendleman
Batting: LHB Jorge Castillo 0-0: Foul Ball, location: 7LDF
0-1: Foul Ball, location: 5F
0-2: Strikes out swinging
Batting: RHB Blake Linden 0-0: Ball
1-0: Called Strike
1-1: Foul Ball, location: 3FF
1-2: Foul Ball, location: 9LMF
1-2: Ball
2-2: Strikes out swinging
Batting: LHB Mike Andreas 0-0: Called Strike
0-1: Foul Ball, location: 5SF
0-2: DOUBLE (Flyball, 8LXD, EV 103.1 MPH)
Batting: RHB Jordan Baeza 0-0: Called Strike
0-1: Ball
1-1: Swinging Strike
1-2: Ball
2-2: Ball
3-2: Strikes out swinging
Top of the 9th over - 0 runs, 1 hit, 0 errors, 1 left on base; Kansas City 1 - Boston 4
Friday, May 3rd , 2024 - OOTP Baseball 24.11 Build 85